APP
BURLINGTON ROYALS @ PULASKI YANKEES
10/06/2047
 
TOP OF THE 1ST
Detroit (APP) Tigers batting - Pitching for Bluefield Blue Jays : RHP Joe Quesenberry
Pitching: RHP Joe Quesenberry
Batting: RHB Brian Bartholomew 0-0: Ball
1-0: Ground out 5-3 (Groundball, 5, EV 83.1 MPH)
Batting: RHB Raul Villa 0-0: Fly out, F9 (Flyball, 9S, EV 86.9 MPH)
Batting: RHB Drew Shamis 0-0: Called Strike
0-1: Fly out, F7 (Flyball, 7LSF, EV 78.8 MPH)
Top of the 1st over - 0 runs, 0 hits, 0 errors, 0 left on base; Detroit (APP) 0 - Bluefield 0
BOTTOM OF THE 1ST
Bluefield Blue Jays batting - Pitching for Detroit (APP) Tigers : RHP Nobunori Kato
Pitching: RHP Nobunori Kato
Batting: RHB Mario Alfaro 0-0: Ball
1-0: Called Strike
1-1: Foul Ball, location: 2F
1-2: Strikes out swinging
Batting: LHB Paul Caliari 0-0: Called Strike
0-1: Ball
1-1: Foul Ball, location: 2F
1-2: Ground out 3-1 (Groundball, 34, EV 109.4 MPH)
Batting: SHB Orlando Lopez 0-0: Called Strike
0-1: Ball
1-1: SINGLE (Line Drive, 8RS, EV 111.3 MPH)
Batting: RHB Murray Yerzy 0-0: Ball
1-0: DOUBLE (Flyball, 78XD, EV 91.3 MPH)
Orlando Lopez to third
Runner from 3rd tries for Home, throw by LF and OUT! 7-6-2
Bottom of the 1st over - 0 runs, 2 hits, 0 errors, 1 left on base; Detroit (APP) 0 - Bluefield 0
TOP OF THE 2ND
Detroit (APP) Tigers batting - Pitching for Bluefield Blue Jays : RHP Joe Quesenberry
Batting: RHB Mark Williamson 0-0: Ball
1-0: Ball
2-0: Called Strike
2-1: Swinging Strike
2-2: Strikes out swinging
Batting: RHB Danny Doster 0-0: Foul Ball, location: 2F
0-1: Ball
1-1: Ground out 4-3 (Groundball, 4, EV 103.8 MPH)
Batting: LHB Mike Elliott 0-0: Ball
1-0: Ball
2-0: Fly out, F7 (Flyball, 7S, EV 85.0 MPH)
Top of the 2nd over - 0 runs, 0 hits, 0 errors, 0 left on base; Detroit (APP) 0 - Bluefield 0
BOTTOM OF THE 2ND
Bluefield Blue Jays batting - Pitching for Detroit (APP) Tigers : RHP Nobunori Kato
Batting: LHB Jokichi Shimada 0-0: Ball
1-0: Fly out, F7 (Flyball, 7D, EV 81.9 MPH)
Batting: LHB Omar Ramirez 0-0: Called Strike
0-1: Foul Ball, location: 2F
0-2: SOLO HOME RUN (Flyball, 9D, EV 103.1 MPH), Distance : 385 ft
Batting: RHB Jose Amparan 0-0: Called Strike
0-1: Ball
1-1: Ball
2-1: Called Strike
2-2: SINGLE (Flyball, 89M, EV 82.5 MPH)
Batting: RHB Tyler Gray 0-0: Ball
1-0: Ball
2-0: Ball
3-0: Called Strike
3-1: Base on Balls
Jose Amparan to second
Batting: RHB Wilson Valdez 0-0: Ball
1-0: Ball
2-0: Foul Ball, location: 2F
2-1: Foul Ball, location: 2F
2-2: Foul Ball, location: 2F
2-2: Ball
3-2: Foul Ball, location: 2F
3-2: DOUBLE (Line Drive, 89D, EV 104.4 MPH)
Jose Amparan scores
Tyler Gray to third
Batting: RHB Mario Alfaro 0-0: Foul Ball, location: 2F
0-1: Ball
1-1: Called Strike
1-2: Strikes out swinging
Batting: LHB Paul Caliari 0-0: Foul Ball, location: 2F
0-1: Ball
1-1: Foul Ball, location: 2F
1-2: Strikes out swinging
Bottom of the 2nd over - 2 runs, 3 hits, 0 errors, 2 left on base; Detroit (APP) 0 - Bluefield 2
TOP OF THE 3RD
Detroit (APP) Tigers batting - Pitching for Bluefield Blue Jays : RHP Joe Quesenberry
Batting: RHB Mike Pollock 0-0: Fly out, F8 (Flyball, 8RM, EV 88.1 MPH)
Batting: RHB Mike Ivanov 0-0: Ball
1-0: Foul Ball, location: 2F
1-1: Ball
2-1: Foul Ball, location: 2F
2-2: Ground out 5-3 (Groundball, 56S, EV 86.3 MPH)
Batting: LHB Bryan Heiner 0-0: Swinging Strike
0-1: Ball
1-1: Foul Ball, location: 2F
1-2: Ground out 1-3 (Groundball, P, EV 85.6 MPH)
Top of the 3rd over - 0 runs, 0 hits, 0 errors, 0 left on base; Detroit (APP) 0 - Bluefield 2
BOTTOM OF THE 3RD
Bluefield Blue Jays batting - Pitching for Detroit (APP) Tigers : RHP Nobunori Kato
Batting: SHB Orlando Lopez 0-0: Ball
1-0: Ball
2-0: Called Strike
2-1: Ball
3-1: Called Strike
3-2: Fly out, F7 (Flyball, 78D, EV 105.0 MPH)
Batting: RHB Murray Yerzy 0-0: Ball
1-0: Ball
2-0: Ground out 1-3 (Groundball, 13S, EV 73.8 MPH)
Batting: LHB Jokichi Shimada 0-0: Ball
1-0: Ball
2-0: Foul Ball, location: 2F
2-1: Ball
3-1: Base on Balls
Batting: LHB Omar Ramirez 0-0: Ground out 6-3 (Groundball, 4MD, EV 93.8 MPH)
Bottom of the 3rd over - 0 runs, 0 hits, 0 errors, 1 left on base; Detroit (APP) 0 - Bluefield 2
TOP OF THE 4TH
Detroit (APP) Tigers batting - Pitching for Bluefield Blue Jays : RHP Joe Quesenberry
Batting: RHB Brian Bartholomew 0-0: Ball
1-0: Called Strike
1-1: Fly out, F4 (Line Drive, 4, EV 68.8 MPH)
Batting: RHB Raul Villa 0-0: Ball
1-0: Called Strike
1-1: Ball
2-1: Ball
3-1: Base on Balls
Batting: RHB Drew Shamis 0-0: Ball
1-0: Called Strike
1-1: Called Strike
1-2: Ball
2-2: Ball
3-2: SINGLE (Groundball, 34, EV 82.5 MPH) (infield hit)
Raul Villa to second
Batting: RHB Mark Williamson 0-0: Ball
1-0: Ball
Passed Ball!
Raul Villa to third
Drew Shamis to second
2-0: Ball
3-0: Called Strike
3-1: Ground out 6-3 (Groundball, 4M, EV 86.9 MPH)
Raul Villa scores
Drew Shamis to third
Batting: RHB Danny Doster 0-0: Ball
1-0: Ball
2-0: Foul Ball, location: 2F
2-1: Ball
3-1: Base on Balls
Batting: LHB Mike Elliott 0-0: Called Strike
0-1: Ground out 4-3 (Groundball, 34D, EV 80.0 MPH)
Top of the 4th over - 1 run, 1 hit, 0 errors, 2 left on base; Detroit (APP) 1 - Bluefield 2
BOTTOM OF THE 4TH
Bluefield Blue Jays batting - Pitching for Detroit (APP) Tigers : RHP Nobunori Kato
Batting: RHB Jose Amparan 0-0: Fly out, F9 (Flyball, 89D, EV 102.5 MPH)
Batting: RHB Tyler Gray 0-0: Reached on error, E4 (Groundball, 4, EV 102.5 MPH)
Batting: RHB Wilson Valdez 0-0: Called Strike
0-1: Ground out 4-3 (Groundball, 4, EV 102.5 MPH)
Tyler Gray to third
Batting: RHB Mario Alfaro 0-0: Ball
1-0: Foul Ball, location: 2F
1-1: Called Strike
1-2: Ball
2-2: Ball
3-2: Foul Ball, location: 2F
3-2: Base on Balls
Batting: LHB Paul Caliari 0-0: Swinging Strike
0-1: Foul Ball, location: 2F
0-2: Ball
Mario Alfaro steals 2nd base
1-2: Hit by Pitch
Batting: SHB Orlando Lopez 0-0: Ball
1-0: Ball
2-0: Called Strike
2-1: Ball
3-1: Called Strike
3-2: Foul Ball, location: 2F
3-2: Ground out 4-3 (Groundball, 4S, EV 70.0 MPH)
Bottom of the 4th over - 0 runs, 0 hits, 1 error, 3 left on base; Detroit (APP) 1 - Bluefield 2
TOP OF THE 5TH
Detroit (APP) Tigers batting - Pitching for Bluefield Blue Jays : RHP Joe Quesenberry
Batting: RHB Mike Pollock 0-0: Called Strike
0-1: Ball
1-1: Swinging Strike
1-2: Strikes out swinging
Batting: RHB Mike Ivanov 0-0: Foul Ball, location: 2F
0-1: SINGLE (Line Drive, 56D, EV 98.1 MPH)
Batting: LHB Bryan Heiner 0-0: Called Strike
0-1: Ball
1-1: Foul Ball, location: 2F
1-2: Fly out, F6 (Popup, P, EV 87.5 MPH)
Batting: RHB Brian Bartholomew 0-0: Foul Ball, location: 2F
0-1: Ball
1-1: Ball
2-1: Called Strike
2-2: Ball
3-2: Foul Ball, location: 2F
3-2: Strikes out swinging
Top of the 5th over - 0 runs, 1 hit, 0 errors, 1 left on base; Detroit (APP) 1 - Bluefield 2
BOTTOM OF THE 5TH
Bluefield Blue Jays batting - Pitching for Detroit (APP) Tigers : RHP Nobunori Kato
Pitching: RHP Quadir O'Bryant
Batting: RHB Murray Yerzy 0-0: Foul Ball, location: 2F
0-1: Fly out, F7 (Flyball, 7, EV 88.1 MPH)
Batting: LHB Jokichi Shimada 0-0: Called Strike
0-1: Ball
1-1: Ball
2-1: Ball
3-1: Foul Ball, location: 2F
3-2: Base on Balls
Batting: LHB Omar Ramirez 0-0: Fielders Choice at 2nd, 3-6 (Groundball, 3, EV 105.6 MPH)
Batting: RHB Jose Amparan 0-0: Ball
1-0: Called Strike
1-1: Foul Ball, location: 2F
1-2: Foul Ball, location: 2F
1-2: Strikes out swinging
Bottom of the 5th over - 0 runs, 0 hits, 0 errors, 1 left on base; Detroit (APP) 1 - Bluefield 2
TOP OF THE 6TH
Detroit (APP) Tigers batting - Pitching for Bluefield Blue Jays : RHP Joe Quesenberry
Batting: RHB Raul Villa 0-0: Called Strike
0-1: DOUBLE (Line Drive, 7LS, EV 95.0 MPH)
Batting: RHB Drew Shamis 0-0: Ball
1-0: Ground out 4-3 (Groundball, 4, EV 106.3 MPH)
Raul Villa to third
Batting: RHB Mark Williamson 0-0: Ball
1-0: Ball
2-0: Foul Ball, location: 2F
2-1: Ball
3-1: Base on Balls
Batting: RHB Danny Doster 0-0: Swinging Strike
0-1: Swinging Strike
0-2: Ball
1-2: Ball
2-2: Ball
Wild Pitch!
Raul Villa scores
Mark Williamson to second
3-2: Intentional Walk
Batting: LHB Mike Elliott 0-0: Swinging Strike
0-1: Ball
1-1: Swinging Strike
1-2: Strikes out swinging
Batting: RHB Mike Pollock 0-0: Swinging Strike
0-1: Ball
1-1: Ground out 4-3 (Groundball, 4, EV 82.5 MPH)
Top of the 6th over - 1 run, 1 hit, 0 errors, 2 left on base; Detroit (APP) 2 - Bluefield 2
BOTTOM OF THE 6TH
Bluefield Blue Jays batting - Pitching for Detroit (APP) Tigers : RHP Quadir O'Bryant
Batting: RHB Tyler Gray 0-0: Ball
1-0: Fly out, F9 (Line Drive, 9D, EV 101.9 MPH)
Batting: RHB Wilson Valdez 0-0: Called Strike
0-1: Ball
1-1: Called Strike
1-2: Foul Ball, location: 2F
1-2: Strikes out looking
Batting: RHB Mario Alfaro 0-0: Ball
1-0: Foul Ball, location: 2F
1-1: Called Strike
1-2: Ball
2-2: Ball
3-2: Ground out 3-1 (Groundball, 34, EV 87.5 MPH)
Bottom of the 6th over - 0 runs, 0 hits, 0 errors, 0 left on base; Detroit (APP) 2 - Bluefield 2
TOP OF THE 7TH
Detroit (APP) Tigers batting - Pitching for Bluefield Blue Jays : RHP Joe Quesenberry
Batting: RHB Mike Ivanov 0-0: Ball
1-0: Swinging Strike
1-1: Ball
2-1: Called Strike
2-2: Foul Ball, location: 2F
2-2: Ball
3-2: Strikes out swinging
Batting: LHB Bryan Heiner 0-0: Ball
1-0: Ball
2-0: Ball
3-0: Called Strike
3-1: Base on Balls
Pitching: RHP Cory Falcon
Batting: RHB Brian Bartholomew 0-0: Ball
1-0: Called Strike
1-1: Foul Ball, location: 2F
1-2: Strikes out looking
Batting: RHB Raul Villa 0-0: Ball
1-0: Ball
2-0: Swinging Strike
2-1: Ball
3-1: Swinging Strike
3-2: Base on Balls
Bryan Heiner to second
Batting: RHB Drew Shamis 0-0: Called Strike
0-1: Ground out U3 (Groundball, 3L, EV 84.4 MPH)
Top of the 7th over - 0 runs, 0 hits, 0 errors, 2 left on base; Detroit (APP) 2 - Bluefield 2
BOTTOM OF THE 7TH
Bluefield Blue Jays batting - Pitching for Detroit (APP) Tigers : RHP Quadir O'Bryant
Batting: LHB Paul Caliari 0-0: Ball
1-0: Foul Ball, location: 2F
1-1: Swinging Strike
1-2: Foul Ball, location: 2F
1-2: Strikes out swinging
Batting: SHB Orlando Lopez 0-0: Ball
1-0: Foul Ball, location: 2F
1-1: Ball
2-1: Called Strike
2-2: Ball
3-2: Foul Ball, location: 2F
3-2: Foul Ball, location: 2F
3-2: Base on Balls
Batting: RHB Murray Yerzy 0-0: 2-RUN HOME RUN (Flyball, 7LD, EV 92.5 MPH), Distance : 344 ft
Batting: LHB Jokichi Shimada 0-0: Ball
1-0: Swinging Strike
1-1: Foul Ball, location: 2F
1-2: Foul Ball, location: 2F
1-2: Ball
2-2: Foul Ball, location: 2F
2-2: Ball
3-2: Foul Ball, location: 2F
3-2: Foul Ball, location: 2F
3-2: Ground out U3 (Groundball, 3S, EV 83.8 MPH)
Batting: LHB Omar Ramirez 0-0: Ball
1-0: Fly out, F7 (Flyball, 78S, EV 95.0 MPH)
Bottom of the 7th over - 2 runs, 1 hit, 0 errors, 0 left on base; Detroit (APP) 2 - Bluefield 4
TOP OF THE 8TH
Detroit (APP) Tigers batting - Pitching for Bluefield Blue Jays : RHP Cory Falcon
Now at 1B: Mel Medlin
Batting: RHB Mark Williamson 0-0: Foul Ball, location: 2F
0-1: Reached on error, E1 (Groundball, 13, EV 90.6 MPH)
Batting: RHB Danny Doster 0-0: Called Strike
0-1: Ball
1-1: Ball
2-1: Called Strike
2-2: Fielders Choice at 2nd, 4-6 (Groundball, 4, EV 101.9 MPH)
Batting: LHB Mike Elliott 0-0: Ball
1-0: Ball
2-0: Called Strike
2-1: Called Strike
2-2: Foul Ball, location: 2F
2-2: Foul Ball, location: 2F
2-2: Strikes out swinging
Batting: RHB Mike Pollock 0-0: Swinging Strike
0-1: Ball
1-1: Foul Ball, location: 2F
1-2: Strikes out looking
Top of the 8th over - 0 runs, 0 hits, 1 error, 1 left on base; Detroit (APP) 2 - Bluefield 4
BOTTOM OF THE 8TH
Bluefield Blue Jays batting - Pitching for Detroit (APP) Tigers : RHP Quadir O'Bryant
Pitching: RHP Mike Manis
Batting: RHB Jose Amparan 0-0: Called Strike
0-1: Called Strike
0-2: Foul Ball, location: 2F
0-2: Strikes out swinging
Batting: RHB Tyler Gray 0-0: Ball
1-0: Ball
2-0: Ball
3-0: Base on Balls
Batting: RHB Wilson Valdez 0-0: Ball
1-0: Ball
2-0: Foul Ball, location: 2F
2-1: Called Strike
Tyler Gray steals 2nd base (no throw)
2-2: Ground out 6-3 (Groundball, 6, EV 80.6 MPH)
Tyler Gray to third
Batting: RHB Mario Alfaro 0-0: Ball
1-0: Foul Ball, location: 2F
1-1: Ball
2-1: Foul Ball, location: 2F
2-2: Foul Ball, location: 2F
2-2: Fly out, F5 (Popup, 25F, EV 81.3 MPH)
Bottom of the 8th over - 0 runs, 0 hits, 0 errors, 1 left on base; Detroit (APP) 2 - Bluefield 4
TOP OF THE 9TH
Detroit (APP) Tigers batting - Pitching for Bluefield Blue Jays : RHP Cory Falcon
Pitching: RHP Dusty Jacobs
Batting: RHB Mike Ivanov 0-0: Ground out 5-3 (Groundball, 56S, EV 84.4 MPH)
Batting: LHB Bryan Heiner 0-0: Ball
1-0: Swinging Strike
1-1: Ball
2-1: Swinging Strike
2-2: Ball
3-2: Base on Balls
Batting: RHB Brian Bartholomew 0-0: Ball
1-0: Swinging Strike
1-1: Called Strike
1-2: Ball
2-2: Ball
3-2: Foul Ball, location: 2F
3-2: Strikes out swinging
Batting: RHB Raul Villa 0-0: Swinging Strike
0-1: Called Strike
0-2: Strikes out looking
Top of the 9th over - 0 runs, 0 hits, 0 errors, 1 left on base; Detroit (APP) 2 - Bluefield 4
Thursday, December 15th , 2022 - OOTP Baseball 23.9 Build 102